 Dungeon Crawl Stone Soup version 0.31.0-11-ge490571c62 (webtiles) character file.

Game seed: 5661038803287956622

78 qw the Shooter (level 4, -1/25 HPs)
             Began as a Deep Elf Hunter on Feb 3, 2024.
             Succumbed to an orc's poison
             ... on level 2 of the Dungeon.
             The game lasted 00:00:04 (1379 turns).

qw the Shooter (Deep Elf Hunter)                    Turns: 1379, Time: 00:00:05

Health: -1/25      AC:  3    Str: 10    XL:     4   Next: 15%
Magic:  6/6        EV: 12    Int: 14    God:
Gold:   54         SH:  0    Dex: 18    Spells: 3/3 levels left

rFire   . . .        a - +0 shortbow (heavy)
rCold   . . .        (shield currently unavailable)
rNeg    . . .        c - +0 leather armour
rPois   .            (no helmet)
rElec   .            (no cloak)
rCorr   .            (no gloves)
SInv    .            (no boots)
Will    .....        (no amulet)
Stlth   ++           (no ring)
HPRegen 0.24/turn    (no ring)
MPRegen 0.10/turn

%: no passive effects
@: lethally poisoned (-1 -> -20)
A: no striking features
a: no special abilities


You were on level 2 of the Dungeon.
You visited 1 branch of the dungeon, and saw 3 of its levels.

You collected 54 gold pieces.


   Skills:
 - Level 1.5 Fighting
 + Level 7.6 Ranged Weapons
 - Level 2.4 Dodging
 - Level 1.2 Stealth


You had 3 spell levels left.
You didn't know any spells.
Your spell library was empty.

Inventory:

Hand Weapons
 a - a +0 heavy shortbow (weapon)
Armour
 c - a +0 leather armour (worn)
Wands
 g - a wand of digging (7)
Potions
 b - a potion of curing {unknown}
 d - a potion of attraction {unknown}
 h - a potion of degeneration {unknown}
 i - a potion of might {unknown}
 j - a potion of invisibility {unknown}

Dungeon Overview and Level Annotations

Branches:
Dungeon (3/15)

Altars:
Cheibriados


Message History

It was a scroll of noise.
Done exploring.
1352 ||| DROPPING scroll of noise.
You drop a scroll of noise.
Done exploring.
What level of the Dungeon? (default 2, ? - help)
There is a stone staircase leading down here.
You climb downwards.
The orc wizard shouts!
The orc shouts!
Found 15 gold pieces.
There is a stone staircase leading up here.
There are monsters nearby!
Waypoint 2 assigned to D:3.
You shoot an arrow. The arrow hits the orc warrior.
The orc warrior is lightly wounded.
A bat comes into view.
1376 ||| STAIRDANCE The orc warrior hits you with a +0 short sword.
The orc wizard hits you with a +0 dagger.
The orc hits you with a +1 short sword of venom.
You are poisoned.
You climb upwards.
You feel very sick.
There is a stone staircase leading down here.
Enter note:
Enter note:
Enter note:
Enter note:
Enter note:
Enter note:
Enter note:
Enter note:
1378 ||| RETREEEEATING.
You feel sick.
The orc hits you with a +1 short sword of venom.
You are more poisoned.
Enter note:
Enter note:
Enter note:
Enter note:
1379 ||| RETREEEEATING.
You die...

......# #........#.###
###.#.# ####.###.#...#
#.#.######..##.#.#.#
#.#................#
#.#########.##.....#
###+## #......._..# .)...#
#.#.##.....# .....#
#.#...)....# .....#
#.####@.####
.....######.....#.########
###.(.........#.#oo......#
##....#####.#.#o....##.#
#....##.##.#.#.###.##.#
#....##....#.#.# #....#
#....##.####+#.#####..#
#....##...............#
#######.........####.##


You could see an orc warrior, an orc wizard and an orc.

Vanquished Creatures
  4 adders
  A dart slug (D:1)
  6 ball pythons
  2 endoplasms
  3 giant cockroaches
  4 goblins
  3 hobgoblins (D:1)
  4 jackals (D:1)
  A quokka (D:1)
  A bat (D:1)
  4 frilled lizards
  4 kobolds
  2 rats
39 creatures vanquished.

Notes
Turn   | Place    | Note
-------+----------+-------------------------------------------
     0 | D:1      | qw the Deep Elf Hunter began the quest for the Orb.
     0 | D:1      | Reached XP level 1. HP: 12/12 MP: 3/3
     0 | D:1      | 0 ||| qw: Version: 0.3-a-157-g843a77d
     0 | D:1      | 0 ||| qw: Game counter: 3983
     0 | D:1      | 0 ||| qw: Melee chars always use a shield: true
     0 | D:1      | 0 ||| qw: God list: Okawaru
     0 | D:1      | 0 ||| qw: Allow faded altars: false
     0 | D:1      | 0 ||| qw: Do Orc after clearing Dungeon:15 true
     0 | D:1      | 0 ||| qw: Do second Lair branch before Depths: true
     0 | D:1      | 0 ||| qw: Lair rune preference: random
     0 | D:1      | 0 ||| qw: Goals: Normal
     0 | D:1      | 0 ||| PLANNING D:1-11
   120 | D:1      | Reached XP level 2. HP: 16/16 MP: 4/4
   123 | D:1      | Reached skill level 6 in Ranged Weapons
   386 | D:1      | Reached XP level 3. HP: 20/20 MP: 5/5
   637 | D:1      | 637 ||| READING scroll labelled DESTRA BIPTEST.
   638 | D:1      | 638 ||| READING scroll labelled UWKACOSING.
   638 | D:1      | 638 ||| BRANDING +0 shortbow.
   639 | D:1      | 639 ||| READING scroll labelled COEZYEC JIEMUS.
   640 | D:1      | 640 ||| DROPPING scroll of butterflies.
   707 | D:2      | 707 ||| STAIRDANCE
   743 | D:2      | Reached skill level 7 in Ranged Weapons
   834 | D:2      | Found a snail-covered altar of Cheibriados.
  1023 | D:2      | Found the +5 Force Lance {heavy, knockback}
  1261 | D:2      | Reached XP level 4. HP: 25/25 MP: 6/6
  1350 | D:2      | 1350 ||| READING scroll labelled MIYMUCENIO.
  1351 | D:2      | 1351 ||| READING 2 scrolls labelled UCAYVOGGUQI.
  1352 | D:2      | 1352 ||| DROPPING scroll of noise.
  1374 | D:3      | Noticed an orc warrior
  1376 | D:3      | 1376 ||| STAIRDANCE
  1378 | D:2      | 1378 ||| RETREEEEATING.
  1378 | D:2      | HP: 4/25 [orc/+1 short sword of venom (4)]
  1379 | D:2      | 1379 ||| RETREEEEATING.
  1379 | D:2      | Succumbed to an orc's poison

Levels and vault maps discovered:
D:1:      kennysheep_arrival_seaside, layout_rooms
D:2:      layout_basic, basic_altar
D:3:      layout_loops_cross, okawaru_gym_becter

Skill      XL: |  1  2  3 |
---------------+----------+-----
Ranged Weapons | 6 7 |  7.6
Fighting       | |  1.5
Dodging        | |  2.4
Stealth        | |  1.2

Action                     |  1- 3 |  4- 6 || total
---------------------------+-------+-------++-------
   Fire: Shortbow          |    93 |     8 ||   101
    Use: Scroll            |     3 |     2 ||     5
 Armour: Leather armour    |    11 |     8 ||    19
  Dodge: Dodged            |    23 |     2 ||    25

Table legend:
 A = Non-vault XP
 B = Vault XP
 C = Vault XP percentage of total XP
 D = Non-vault monster count
 E = Vault monster count
 F = Vault count percentage of total count
                 A         B        C        D         E       F
            +---------+---------+-------+---------+---------+-------
      Total |     112 |       0 |   0.0 |      39 |       0 |   0.0
            +---------+---------+-------+---------+---------+-------
        D:1 |      60 |       0 |   0.0 |      28 |       0 |   0.0
        D:2 |      52 |       0 |   0.0 |      11 |       0 |   0.0
            +---------+---------+-------+---------+---------+-------
